[Event "26th Triest Festival 2024"]
[Site "Triest"]
[Date "2024.09.02"]
[Round "4.11"]
[White "Marn, Jan"]
[Black "Maldonado Gonzales, Stefano"]
[Result "1-0"]
[Annotator "TA"]
[ECO "D02"]
[WhiteElo "2344"]
[BlackElo "2187"]
[PlyCount "79"]
[EventDate "2024.09.02"]
[EventType "swiss"]
[EventCountry "ITA"]
[SourceTitle "playchess.com"]
[Source "ChessBase"]
[SourceQuality "1"]
[TimeControl "5400+30"]

1. d4 d5 2. Bf4 Nf6 3. Nf3 e6 4. e3 c5 5. c3 Nc6 6. Nbd2 cxd4 7. exd4 Nh5 8. Be3 Bd6 9. Bd3 {[%emt 0:00:08] White has an edge.} Nf4 10. Bxf4 Bxf4 11. O-O O-O 12. Re1 g6 13. g3 Bc7 14. Nf1 f6 15. Ne3 Kg7 16. Bf1 Ne7 17. Qd2 Nf5 18. Nxf5+ exf5 19. Nh4 Qd6 20. Ng2 Be6 21. Re3 Bf7 22. Rae1 Rfe8 23. Rxe8 Rxe8 24. Rxe8 Bxe8 25. Qc2 Qe6 26. f4 Qe4 27. Bd3 Qe6 28. Kf2 Bc6 29. Ne3 Qd7 30. Be2 a5 31. a3 (31. Bf3 $142) 31... Ba4 32. b3 Bc6 33. Bf3 b5 34. b4 Kf7 {[%emt 0:02:00] [#]} 35. Qa2 $1 Ke6 36. a4 {[%emt 0:00:37] Hoping for axb5. White is more active.} bxa4 {[%emt 0:06:24] [#]} (36... Bb7 {was necessary.}) 37. b5 $1 $18 Bb7 (37... Bxb5 38. Nxd5 Kd6 39. c4 (39. Nxf6 Qc8 $18) 39... Bxc4 40. Qxc4 $18) (37... Ba8 38. c4) 38. c4 (38. Qxa4 Bb6 39. Ke2 Qc8 $18) 38... Bb6 $2 (38... Bd8 39. Qxa4 (39. cxd5+ Kf7 $16) (39. Nxd5 h5 $18) 39... dxc4) 39. c5 ({Less strong is} 39. cxd5+ Kf7 $14) (39. Bxd5+ Bxd5 40. cxd5+ Kf7 41. Qxa4 Kg7 $16) ({And not} 39. Qxa4 dxc4 40. Qxc4+ Kd6 $11) 39... Qxb5 40. Bxd5+ {[%emt 0:29:01] Weighted Error Value: White=0.04 (flawless) /Black=0.36.  Mistake:       	White=1     	Black=2      Inaccurate:     	---       	Black=4      OK:         	White=16    	Black=10     Best:        	White=2     	---        Brilliant:      	White=1     	---} 1-0

[Event "26th Triest Festival 2024"]
[Site "Triest"]
[Date "2024.09.02"]
[Round "4.12"]
[White "Schlegel, Igor"]
[Black "Papadiamandis, Elliot"]
[Result "1-0"]
[Annotator "RC"]
[ECO "B86"]
[WhiteElo "2212"]
[BlackElo "2329"]
[PlyCount "67"]
[EventDate "2024.09.02"]
[EventType "swiss"]
[EventCountry "ITA"]
[SourceTitle "playchess.com"]
[Source "ChessBase"]
[SourceQuality "1"]
[TimeControl "5400+30"]

1. e4 c5 2. Nf3 d6 3. d4 Nf6 4. Nc3 cxd4 5. Nxd4 a6 6. Bc4 e6 7. Bb3 Nbd7 8. Be3 Nc5 9. f3 Qc7 10. Qd2 b5 11. g4 Bb7 12. O-O-O Nfd7 13. a3 Nxb3+ 14. cxb3 Be7 15. Kb1 O-O 16. Rc1 Qd8 17. g5 Nc5 18. Ka2 Re8 19. h4 Bf8 20. h5 d5 21. e5 Nd7 22. f4 b4 23. axb4 a5 24. b5 Bb4 25. Qc2 Bxc3 26. bxc3 Nc5 27. g6 Ne4 28. Qg2 a4 29. gxf7+ Kxf7 30. b4 Kg8 31. Rhg1 Qd7 32. f5 exf5 33. e6 Qc7 34. Bf4 1-0